cohdb
Replays
Latest Replays
All Replays
Popular Replays
Top Player Replays
Match Explorer
How It Works
Community
CoH3 Stats
Reddit
Sign in to upload your games and track your stats! →
Sign in with Steam
Match 42232906
Unlisted
Match 42232906
Overview
Messages
Build Orders
End
Vickers Machine Gun Team
Construct Section Command Post
Selects Heavy Armor Battlegroup
ML 3-inch Mortar Team
Infantry Section
Infantry Section
Construct Platoon Command Post
Selects Rigorous Vehicle Training
Selects Forward Repair Assembly
Grenade Package
Infantry Section
Unlock M3 Stuart Light Tanks
M3 Stuart Light Tank
Construct Field Infirmary
Construct Company Command Post
Unlock M3 Grant Medium Tanks
Foot Guards Section
Selects Light Vehicle Withdraw and Refit
Selects UNKNOWN (202330)
Light Vehicle Withdraw and Refit
Crusader AA Medium Tank
Selects Recon Artillery
Recon Artillery
MENGYHESRIHATU
Alehandro_78
Anchored
rudgus2564
[HAN]Diederick Kastner
宝多六花
宇杰
帝国の突撃隊
0
0
Comments
sign in to comment!
No comments posted yet!